 Dungeon Crawl Stone Soup version 0.10.0-32-gfa280cc character file.

4350 Spoon259 the Carver (level 10, -5/83 HPs)
             Began as a Minotaur Fighter on Apr 24, 2012.
             Was a Follower of Okawaru.
             Slain by a two-headed ogre
             ... wielding a +0,+0 giant spiked club
              (16 damage)
             ... on Level 10 of the Dungeon.
             The game lasted 01:15:28 (9624 turns).

Spoon259 the Carver (Minotaur Fighter)              Turns: 9624, Time: 01:15:28

HP  -5/83        AC 11     Str 23      XL: 10   Next:  5%
MP   3/3         EV  8     Int  9      God: Okawaru [*.....]
Gold 618         SH  0     Dex 11      Spells:  0 memorised,  9 levels left

Res.Fire  : . . .   See Invis. : .   J - +1,+2 orc long sword
Res.Cold  : . . .   Warding    : . . v - +2 scale mail (curse)
Life Prot.: + . .   Conserve   : .   (no shield)
Res.Acid. : . . .   Res.Corr.  : .   E - +0 cap
Res.Poison: .       Clarity    : .   A - +0 elf cloak
Res.Elec. : .       Spirit.Shd : .   (no gloves)
Sust.Abil.: . .     Stasis     : .   (no boots)
Res.Mut.  : .       Ctrl.Telep.: .   s - amulet of controlled flight
Res.Rott. : .       Levitation : .   y - ring of life protection
Saprovore : . . .   Ctrl.Flight: +   g - +4 ring of intelligence

@: about to teleport, somewhat resistant to hostile enchantments, extremely
unstealthy
A: retaliatory headbutt, horns 2
a: Heroism, Renounce Religion


You were on level 10 of the Dungeon.
You worshipped Okawaru.
Okawaru was pleased with you.
You were not hungry.

You visited 2 branches of the dungeon, and saw 11 of its levels.
You visited 1 portal chamber: sewer.

You collected 598 gold pieces.

Inventory:

Hand weapons
 b - a +0 orcish blowgun
 F - a +0,-4 halberd
 J - a +1,+2 orcish long sword (weapon)
Missiles
 j - 81 poisoned +0 needles
 p - 47 +0 darts
 r - 2 poisoned +0 darts (quivered)
 z - 21 poisoned +3 needles
Armour
 a - a +0 orcish splint mail of fire resistance
 c - a +0 shield
 t - the +0 shield of Viogumosch {MR Str+1}
   (You acquired it on level 8 of the Dungeon)

   It affects your strength (+1).
   It increases your resistance to enchantments.
 v - a cursed +2 scale mail (worn)
 A - a +0 elven cloak (worn)
 E - a +0 cap (worn)
Magical devices
 m - a wand of enslavement (4)
 G - a wand of fireball (7) {unknown}
 K - a wand of confusion (7) {unknown}
Comestibles
 d - an apple
 f - 4 meat rations
Scrolls
 e - 3 scrolls of identify
 h - a scroll of enchant weapon I
 i - a scroll of detect curse
 k - a scroll of curse weapon {unknown}
 l - 2 scrolls of fog
 w - a scroll of magic mapping
 C - a scroll of random uselessness {unknown}
Jewellery
 g - a +4 ring of intelligence (left hand)
 s - an amulet of controlled flight (around neck)
 y - a ring of life protection (right hand)
Potions
 q - a potion of agility {unknown}
 u - 2 potions of brilliance
 x - 3 potions of curing
 B - a potion of restore abilities
Books
 n - a book of Necromancy

   Spells                             Type                      Level
   Pain                               Necromancy                   1
   Animate Skeleton                   Necromancy                   1
   Lethal Infusion                    Charms/Necromancy            2
   Vampiric Draining                  Necromancy                   3
   Regeneration                       Charms/Necromancy            3
   Animate Dead                       Necromancy                   4
   Control Undead                     Necromancy                   4


   Skills:
 + Level 6.9 Fighting
 - Level 14.0 Long Blades
 + Level 6.8 Armour
 - Level 3.6 Shields


You had 9 spell levels left.
You didn't know any spells.

Dungeon Overview and Level Annotations

Branches:
Dungeon (10/27)            Temple (1/1) D:5             Orc (0/4) D:6
   Lair: D:8-13

Altars:
Ashenzari
Cheibriados
Elyvilon
Fedhas
Kikubaaqudgha
Makhleb
Nemelex Xobeh
Okawaru
Sif Muna
The Shining One
Trog
Vehumet
Xom
Yredelemnul
Zin

Shops:
D:8: %

Annotations
D:8 exclusion: statue
D:9 Joseph


Innate Abilities, Weirdness & Mutations

You reflexively headbutt those who attack you in melee.
You have a pair of horns on your head.


Message History

The worker ant twitches its antennae in your direction.
The scorpion closely misses you.
There is a stone staircase leading up here.
The ogre hits you with a giant club.
The worker ant bites you but does no damage.
Found a cloak.
Found a scroll of identify.
Found a pear.
You slash the two-headed ogre.
The two-headed ogre is lightly wounded.
The two-headed ogre hits you with a giant spiked club!
The two-headed ogre hits you with a giant club!
* * * LOW HITPOINT WARNING * * *
Drink which item? (? for menu, Esc to quit)
Okay, then.
Read which item? (? for menu, Esc to quit)
As you read the scroll of teleportation, it crumbles to dust.
You feel strangely unstable.
The two-headed ogre hits you with a giant spiked club!
You die...

##.......###..?.....#
.....................#
...[............<.....#
?........Oz###........#
........................
........s................
......#.######........##
......#.######........###
.%.......Osa.O@..<........
......###################
######


You could see a two-headed ogre, an ogre, a worker ant and a scorpion.

Vanquished Creatures
  The ghost of buffalo66 the Poker, an experienced HuGl of Okawaru (D:6)
  A wyvern (D:8)
  Edmund (D:6)
  A necrophage (D:6)
  4 orc warriors
  An ice beast (D:6)
  6 ogres
  A warg (D:4)
  2 centaurs
  Sigmund (D:5)
  A giant slug (Port)
  3 giant frogs
  Blork the orc (D:4)
  A water moccasin (D:7)
  6 wights
  5 crimson imps
  3 hounds
  A quasit (D:8)
  6 orc priests
  5 worker ants
  A hound skeleton (D:7)
  2 iguanas (D:9)
  2 scorpions
  8 orc wizards
  Ijyb (D:6)
  Jessica (D:3)
  8 jellies
  Terence (D:3)
  A mummy (D:9)
  3 adders
  6 gnolls
  2 adder zombies
  A scorpion zombie (D:6)
  A green rat (D:4)
  A giant mite (D:4)
  4 worms
  A grey rat (D:4)
  2 bat skeletons
  A bat zombie (D:5)
  2 giant eyeballs
  3 giant geckos
  4 oozes
  32 orcs
  3 ball pythons
  19 bats
  15 goblins
  17 hobgoblins
  17 jackals
  4 quokkas
  4 giant cockroaches
  8 giant newts
  A hobgoblin zombie (D:8)
  20 kobolds
  2 quokka skeletons
  14 rats
  4 toadstools
267 creatures vanquished.

Vanquished Creatures (collateral kills)
  An orc (D:8)
1 creature vanquished.

Vanquished Creatures (others)
  A human (D:5)
  An orc (D:8)
  A giant cockroach (D:5)
  A goblin (D:3)
  A rat (D:7)
  34 toadstools
39 creatures vanquished.

Grand Total: 307 creatures vanquished

Notes
Turn   | Place    | Note
--------------------------------------------------------------
     0 | D:1      | Spoon259, the Minotaur Fighter, began the quest for the Orb.
     0 | D:1      | Reached XP level 1. HP: 19/19 MP: 0/0
   363 | D:1      | Reached XP level 2. HP: 24/26 MP: 0/0
   592 | D:1      | Reached skill level 4 in Long Blades
   901 | D:2      | Reached XP level 3. HP: 29/33 MP: 1/1
   964 | D:2      | Reached skill level 5 in Long Blades
  1476 | D:2      | Found a bloodstained altar of Trog.
  1806 | D:3      | Reached XP level 4. HP: 37/39 MP: 1/1
  1893 | D:3      | Reached skill level 6 in Long Blades
  1910 | D:3      | Reached skill level 7 in Long Blades
  1910 | D:3      | Reached XP level 5. HP: 18/46 MP: 1/1
  2432 | D:3      | Noticed Terence
  2441 | D:3      | Killed Terence
  2478 | D:3      | Noticed Jessica
  2483 | D:3      | Killed Jessica
  2483 | D:3      | Reached skill level 8 in Long Blades
  2483 | D:3      | Reached XP level 6. HP: 52/52 MP: 2/2
  2753 | D:4      | Found a snail-covered altar of Cheibriados.
  2829 | D:4      | Noticed Blork the orc
  2844 | D:4      | Killed Blork the orc
  2967 | D:4      | Reached skill level 9 in Long Blades
  3097 | D:4      | Found a glowing drain.
  3268 | D:4      | Reached XP level 7. HP: 59/59 MP: 2/2 3286
                  | sewer
                  | Entered the sewers
  3690 | D:4      | Found a deep blue altar of Sif Muna.
  3740 | D:5      | Entered Level 5 of the Dungeon
  3858 | D:5      | Found a burning altar of Makhleb.
  3937 | D:5      | Reached skill level 10 in Long Blades
  4064 | D:5      | Found a staircase to the Ecumenical Temple.
  4118 | Temple   | Entered the Ecumenical Temple
  4337 | D:5      | Noticed Sigmund
  4352 | D:5      | Killed Sigmund
  4549 | D:5      | Found an ancient bone altar of Kikubaaqudgha.
  4907 | D:6      | Reached XP level 8. HP: 64/66 MP: 2/2
  4967 | D:4      | Reached skill level 11 in Long Blades
  5689 | D:6      | Found a staircase to the Orcish Mines.
  5704 | D:6      | Reached skill level 12 in Long Blades
  5873 | D:6      | Found a glowing silver altar of Zin.
  5969 | D:6      | Noticed Edmund
  5982 | D:6      | Killed Edmund
  6031 | D:6      | Noticed Ijyb
  6047 | D:6      | Killed Ijyb
  6113 | D:6      | Noticed buffalo66's ghost (experienced HuGl)
  6123 | D:6      | Killed buffalo66's ghost
  6123 | D:6      | Reached skill level 13 in Long Blades
  6123 | D:6      | Reached XP level 9. HP: 72/72 MP: 3/3
  6927 | D:8      | Reached skill level 14 in Long Blades
  6958 | D:8      | Found Liomeu's Food Emporium.
  7031 | D:8      | Identified a scroll of acquirement
  7032 | D:8      | Got a warped shield
  7033 | D:8      | Identified the +0 shield of Viogumosch (You acquired it on level 8 of the Dungeon)
  7172 | D:8      | Found a white marble altar of Elyvilon.
  7257 | D:8      | Found an iron altar of Okawaru.
  7267 | D:8      | Became a worshipper of Warmaster Okawaru
  7413 | D:8      | Reached skill level 5 in Fighting
  7449 | D:8      | Reached skill level 5 in Armour
  7801 | D:9      | Noticed Joseph
  8461 | D:8      | Found a radiant altar of Vehumet.
  8978 | D:9      | Acquired Okawaru's first power
  9039 | D:9      | Reached XP level 10. HP: 9/83 MP: 3/3
  9471 | D:10     | Entered Level 10 of the Dungeon
  9624 | D:10     | Slain by a two-headed ogre
